 Dungeon Crawl Stone Soup version 0.20.1-1-g8b1a95d (webtiles) character file.

19172 ChromeMolly the Unseen (level 12, -8/78 HPs)
             Began as an Octopode Fighter on Nov 17, 2017.
             Was an Initiate of Gozag.
             Mangled by a komodo dragon (33 damage)
             ... on level 2 of the Lair of Beasts.
             The game lasted 01:23:23 (14894 turns).

ChromeMolly the Unseen (Octopode Fighter)          Turns: 14894, Time: 01:23:24

Health: -8/78      AC:  1    Str: 15    XL:     12   Next: 66%
Magic:  12/12      EV: 17    Int: 12    God:    Gozag
Gold:   525        SH:  9    Dex: 15    Spells: 9/11 levels left

rFire    x . .     SeeInvis .   q - +2 long sword "X" {speed, rPois rF- Stlth+}
rCold    + . .     Gourm    .   u - +3 warlock's mirror {reflect}
rNeg     + . .     Faith    .   (helmet restricted)
rPois    +         Spirit   .   (no amulet)
rElec    .         Reflect  +   g - ring of resist corrosion
rCorr    +         Harm     .   s - ring of positive energy
MR       .....                  i - ring of flight
Stlth    ++++++++..             z - ring of protection from cold
Regen    0.3/turn               (no ring)
MPRegen  0.2/turn               (no ring)
                                (no ring)
                                (no ring)

@: lethally poisoned (-8 -> -9)
A: almost no armour, stealthy swim, amphibious, 8 rings, constrict 8, camouflage
1, gelatinous body 1
a: Potion Petition, Call Merchant, Bribe Branch, Renounce Religion, Evoke Flight


You were on level 2 of the Lair of Beasts.
You worshipped Gozag.
Gozag was pleased with you.
You were not hungry.

You visited 3 branches of the dungeon, and saw 13 of its levels.

You collected 2657 gold pieces.
You spent 945 gold pieces at shops.
You paid 1187 gold pieces to Gozag.

Inventory:

Hand Weapons
 e - a +3 dagger of electrocution
 q - the +2 long sword "X" (weapon) {speed, rPois rF- Stlth+}
   (You bought it in a shop on level 9 of the Dungeon)

   Attacks with this weapon are significantly faster.
   It makes you vulnerable to fire.
   It protects you from poison.
   It makes you more stealthy.
 w - a +3 broad axe of electrocution
 I - a +1 war axe of flaming
Missiles
 H - 9 tomahawks (quivered)
Armour
 u - the +3 warlock's mirror (worn) {reflect}
   (You acquired it on level 10 of the Dungeon)
Jewellery
 b - an uncursed ring of ice
 g - a ring of resist corrosion (left tentacle)
 i - a ring of flight (on tentacle)
 s - a ring of positive energy (right tentacle)
 z - a ring of protection from cold (on tentacle)
Wands
 h - a wand of enslavement (7/24)
 C - a wand of lightning (5/15)
 D - a wand of scattershot (4/9)
Scrolls
 a - 3 scrolls of identify
 k - 2 scrolls of teleportation
 l - 3 scrolls of fog
 m - a scroll of enchant armour
 r - 3 scrolls of amnesia
 G - 3 scrolls of remove curse
Potions
 p - a potion of brilliance
 t - 2 potions of flight
 x - a potion of ambrosia
 B - a potion of mutation
 E - 2 potions of magic
Miscellaneous
 F - a sack of spiders
Comestibles
 c - 3 royal jellies
 d - 3 bread rations
 o - 6 meat rations


   Skills:
 + Level 5.8 Fighting
 * Level 9.1(9.5) Short Blades
 + Level 4.1(7.1) Long Blades
 + Level 5.3 Axes
 * Level 8.5 Throwing
 + Level 6.2 Dodging
 * Level 15.7 Stealth
 + Level 6.6 Shields
 + Level 0.7 Evocations


You had 9 spell levels left.
You knew the following spells:

 Your Spells              Type           Power        Failure   Level  Hunger
a - Blink                 Tloc           N/A          45%         2    ###....


Dungeon Overview and Level Annotations

Branches:
Dungeon (10/15)            Temple (1/1) D:4            Lair (2/6) D:9
 Spider (0/4) Lair:2
  Swamp: Lair:2-4    Shoals: Lair:2-4       Orc: D:9-12

Altars:
Ashenzari
Cheibriados
Dithmenos
Elyvilon
Fedhas
Gozag
Hepliaklqana
Kikubaaqudgha
Makhleb
Nemelex Xobeh
Okawaru
Qazlal
Ru
Sif Muna
Trog
Uskayaw
Vehumet
Xom
Yredelemnul
Zin
The Shining One
Beogh

Shops:
D:9 (::*

Annotations:
Lair:1 exclusion: oklob plant


Innate Abilities, Weirdness & Mutations

You cannot wear most types of armour.
You are very stealthy in the water. (Stealth+)
You are amphibious.
You can wear up to eight rings at the same time.
You can use your tentacles to constrict eight enemies at once.
Your skin changes colour to match your surroundings (Stealth+).
Your rubbery body absorbs attacks. (AC +1, EV +1)


Message History

The komodo dragon is heavily wounded.
You hit the komodo dragon but do no damage.
The komodo dragon is heavily wounded.
You feel sick. You block the komodo dragon's attack.
You closely miss the komodo dragon.
The komodo dragon is heavily wounded.
The komodo dragon closely misses you.
You riposte.
You completely miss the komodo dragon. Your squeeze misses the komodo dragon.
The komodo dragon is heavily wounded.
You completely miss the komodo dragon. Your squeeze misses the komodo dragon.
The komodo dragon is heavily wounded.
You hit the komodo dragon but do no damage.
You squeeze the komodo dragon!
The komodo dragon is severely wounded.
The komodo dragon bites you!
You hit the komodo dragon.
The komodo dragon is severely wounded.
The komodo dragon bites you!!
You die...
Your body crumbles into a pile of gold.

..######P. ...#....l
......... .........
##....(.#† #.........
###(....(... ## .###
######@$$$((((... .#
..#..##.#....l........n
###...............(......F.
.##..........#......(..##..
##...........##.......... .
......#................(..
...........................
..[......................##
.......................?#


You could see a komodo dragon.

Vanquished Creatures
  A hydra (Lair:1)
  Fannar (Lair:2)
  3 two-headed ogres
  2 black mambas
  4 spiny frogs
  Joseph (D:7)
  A gargoyle (D:10)
  A rime drake (shapeshifter) (D:10)
  A komodo dragon (Lair:1)
  A polar bear (D:9)
  3 hornets
  Prince Ribbit (D:7)
  4 blink frogs
  6 hippogriffs
  A shadow (D:9)
  A basilisk (Lair:2)
  4 yaks (Lair:1)
  Menkaure (D:7)
  The ghost of bande the Shield-Bearer, an amateur GrFi (D:4)
  5 water moccasins
  7 porcupines
  10 orc warriors
  4 ice beasts
  2 phantoms
  5 ogres
  5 necrophages (Lair:2)
  An eye of draining (D:10)
  16 wolves (Lair:1)
  The ghost of Firecrotchwizard the Ruffian, an amateur DrTm (D:3)
  5 centaurs
  A crocodile (D:9)
  A big kobold (D:10)
  11 bullfrogs
  5 scorpions
  5 killer bees (D:8)
  5 howler monkeys
  2 crimson imps
  2 bullfrog zombies (D:10)
  4 bullfrog skeletons
  16 orc priests
  2 gnoll shamans
  3 hounds
  A jelly (D:8)
  Ijyb (D:3)
  7 worker ants
  3 iguanas
  13 orc wizards
  A killer bee zombie (D:5)
  A centaur simulacrum (D:9)
  2 hound zombies
  3 hound skeletons
  2 worker ant zombies
  Robin (D:3)
  13 gnolls
  11 adders
  4 shadow imps
  2 white imps (D:9)
  2 worker ant simulacra (D:9)
  An ooze (D:1)
  3 worms
  4 dart slugs
  9 leopard geckos
  83 orcs
  A ball python (D:1)
  11 giant cockroaches
  17 goblins
  13 hobgoblins
  8 jackals
  11 kobolds
  3 quokkas
  2 bats (D:2)
  2 frilled lizards
  3 jackal zombies
  A leopard gecko skeleton (D:5)
  7 rats
402 creatures vanquished.

Vanquished Creatures (others)
  A fungus (Lair:1)
1 creature vanquished.

Grand Total: 403 creatures vanquished

Notes
Turn   | Place    | Note
-------+----------+-------------------------------------------
     0 | D:1      | ChromeMolly the Octopode Fighter began the quest for the Orb.
     0 | D:1      | Reached XP level 1. HP: 16/16 MP: 1/1
   184 | D:1      | Reached XP level 2. HP: 21/21 MP: 2/2
   256 | D:1      | Reached skill level 1 in Stealth
   387 | D:1      | Reached XP level 3. HP: 10/26 MP: 3/3
  1001 | D:2      | Found a white marble altar of Elyvilon.
  1020 | D:2      | Reached skill level 2 in Stealth
  1311 | D:2      | Reached XP level 4. HP: 31/31 MP: 4/4
  1314 | D:2      | Reached skill level 1 in Throwing
  1862 | D:3      | Reached skill level 3 in Stealth
  1903 | D:3      | Reached skill level 1 in Short Blades
  2056 | D:3      | Noticed Robin
  2066 | D:3      | Reached XP level 5. HP: 28/36 MP: 5/5
  2069 | D:3      | Killed Robin
  2291 | D:3      | Found a faded altar of an unknown god.
  2347 | D:3      | Reached skill level 4 in Stealth
  2436 | D:3      | Noticed Ijyb
  2444 | D:3      | Noticed Firecrotchwizard's ghost (amateur DrTm)
  2459 | D:3      | Killed Ijyb
  2792 | D:3      | Found a hazy altar of Hepliaklqana.
  2846 | D:3      | Killed Firecrotchwizard's ghost
  2846 | D:3      | Reached XP level 6. HP: 12/42 MP: 6/6
  3159 | D:4      | Noticed a phantom
  3172 | D:3      | Reached skill level 5 in Stealth
  3350 | D:4      | Reached XP level 7. HP: 31/46 MP: 7/7
  3489 | D:4      | Found a staircase to the Ecumenical Temple.
  3490 | D:4      | Noticed bande's ghost (amateur GrFi)
  3501 | Temple   | Entered the Ecumenical Temple
  3624 | D:4      | Killed bande's ghost
  3830 | D:4      | Reached skill level 6 in Stealth
  4030 | D:4      | Found an opulent altar of Gozag.
  4033 | D:4      | Became a worshipper of Gozag Ym Sagoz the Greedy
  4164 | D:5      | Entered Level 5 of the Dungeon
  4170 | D:5      | Reached XP level 8. HP: 31/52 MP: 8/8
  4172 | D:5      | Reached skill level 7 in Stealth
  4443 | D:5      | Found a shattered altar of Ashenzari.
  5039 | D:6      | HP: 2/53 [orc warrior/war axe of flaming (8)]
  5344 | D:6      | Found Ryoduquy's Book Boutique.
  5459 | D:6      | Reached skill level 8 in Stealth
  5760 | D:6      | Reached skill level 5 in Short Blades
  5781 | D:6      | Reached skill level 9 in Stealth
  5781 | D:6      | Reached XP level 9. HP: 58/58 MP: 9/9
  6025 | D:7      | Noticed Prince Ribbit
  6037 | D:7      | Killed Prince Ribbit
  6045 | D:7      | Reached skill level 10 in Stealth
  6335 | D:7      | Reached skill level 5 in Throwing
  6572 | D:7      | Noticed Joseph
  6576 | D:7      | Killed Joseph
  6576 | D:7      | Reached skill level 11 in Stealth
  6795 | D:7      | Learned a level 2 spell: Blink
  6800 | D:7      | Found a glowing silver altar of Zin.
  6800 | D:7      | Noticed an angel
  6830 | D:7      | Noticed Menkaure
  6836 | D:7      | Killed Menkaure
  6836 | D:7      | Reached XP level 10. HP: 36/63 MP: 10/10
  7299 | D:8      | Noticed a two-headed ogre
  7307 | D:8      | Killed a two-headed ogre
  7307 | D:8      | Reached skill level 12 in Stealth
  7778 | D:8      | Found a bloodstained altar of Trog.
  7779 | D:8      | Noticed a two-headed ogre
  7782 | D:8      | Found a sacrificial altar of Ru.
  7794 | D:8      | Killed a two-headed ogre
  7794 | D:8      | Reached skill level 5 in Dodging
  7794 | D:8      | Reached skill level 13 in Stealth
  7794 | D:8      | Reached skill level 5 in Shields
  8061 | D:8      | Found a burning altar of Makhleb.
  8061 | D:8      | Found a glowing golden altar of the Shining One.
  8402 | D:8      | Found a deep blue altar of Sif Muna.
  8404 | D:8      | Found a sparkling altar of Nemelex Xobeh.
  8407 | D:8      | Found a blossoming altar of Fedhas.
  8510 | D:8      | Found a roughly hewn altar of Beogh.
  8633 | D:9      | Found a staircase to the Lair.
  8636 | D:9      | Found Jashrika's Book Shop.
  8651 | D:9      | Reached XP level 11. HP: 70/70 MP: 11/11
  8747 | D:9      | Noticed a two-headed ogre
  8756 | D:9      | Paralysed by a hornet for 1 turns
  9065 | D:9      | Found Kulek's Book Shoppe.
  9089 | D:9      | Killed a two-headed ogre
  9089 | D:9      | Reached skill level 14 in Stealth
  9366 | D:9      | Found Cetel's Antique Weapon Emporium.
  9508 | D:9      | Bought a translucent long sword for 280 gold pieces
  9509 | D:9      | Identified the +2 long sword "X" {speed, rPois rF- Stlth+} (You bought it in a shop on level 9 of the Dungeon)
  9599 | D:10     | Entered Level 10 of the Dungeon
 10329 | D:10     | Identified a scroll of acquirement
 10726 | D:10     | Reached skill level 1 in Long Blades
 11257 | Lair:1   | Entered Level 1 of the Lair of Beasts
 11278 | Lair:1   | Reached skill level 5 in Fighting
 11683 | Lair:1   | Noticed an oklob plant
 11689 | Lair:1   | Found a shattered altar of Ashenzari.
 11838 | Lair:1   | Reached skill level 15 in Stealth
 11913 | Lair:1   | Reached XP level 12. HP: 19/77 MP: 12/12
 12319 | D:9      | Bought a potion of curing for 57 gold pieces
 12319 | D:9      | Bought a scroll labeled ZITIENW JEUL for 19 gold pieces
 12319 | D:9      | Bought a potion of agility for 76 gold pieces
 12319 | D:9      | Bought a sack of spiders for 380 gold pieces
 12323 | D:9      | Bought a glowing broad axe for 133 gold pieces
 13304 | Lair:1   | Noticed a four-headed hydra
 13635 | Lair:1   | Killed a four-headed hydra
 13876 | Lair:2   | Noticed Fannar
 14068 | Lair:2   | Killed Fannar
 14443 | Lair:2   | Reached skill level 5 in Axes
 14774 | Lair:2   | Found a hole to the Spider Nest.
 14894 | Lair:2   | Mangled by a komodo dragon

Skill      XL: |  1  2  3  4  5  6  7  8  9 10 11 12 |
---------------+-------------------------------------+-----
Stealth        | 1 2 3 4 5 6 9 11 13 15 | 15.7
Throwing       | 1 2 3 4 5 6 7 8 |  8.5
Short Blades   | 1 2 3 5 6 7 8 9 |  9.1
Axes           | 3 4 5 |  5.3
Dodging        | 4 5 6 |  6.2
Shields        | 4 5 6 |  6.6
Fighting       | 4 5 |  5.8
Long Blades    | 2 4 |  4.1
Evocations     | |  0.7

Action                   |  1- 3 |  4- 6 |  7- 9 | 10-12 || total
-------------------------+-------+-------+-------+-------++-------
Melee: War axe           |    46 |    13 |     4 |    28 ||    91
       Tentacles         |    11 |    21 |    28 |   121 ||   181
       Constrict         |    18 |    27 |    35 |   108 ||   188
       Dagger            |    16 |   109 |   172 |   245 ||   542
       Long sword        |       |       |       |   191 ||   191
       Broad axe         |       |       |       |    24 ||    24
Throw: Stone             |     2 |    18 |       |       ||    20
       Tomahawk          |       |    10 |    23 |    59 ||    92
       Javelin           |       |       |       |    46 ||    46
       Throwing net      |       |       |       |     1 ||     1
Invok: Potion Petition   |       |       |     1 |     1 ||     2
       Call Merchant     |       |       |       |     1 ||     1
Evoke: Wand              |       |       |       |     8 ||     8
  Use: Scroll            |       |    13 |     9 |    12 ||    34
       Potion            |       |     3 |     1 |    15 ||    19
 Stab: Sleeping          |    11 |    10 |    21 |    36 ||    78
       Distracted        |       |       |     3 |     7 ||    10
       Invisible         |       |       |       |     6 ||     6
       Held in net/web   |       |       |       |     1 ||     1
  Eat: Chunk             |     1 |     7 |     3 |       ||    11
       Bread ration      |       |       |     2 |     1 ||     3
       Fruit             |       |       |     1 |    16 ||    17
       Royal jelly       |       |       |     1 |     1 ||     2
       Meat ration       |       |       |       |     1 ||     1
Armor: Skin              |     4 |     3 |     5 |     7 ||    19
Dodge: Dodged            |    20 |    38 |    43 |   232 ||   333
Block: Shield            |    18 |    45 |    52 |   128 ||   243
       Buckler           |       |       |       |    64 ||    64
       Rpst.: Long sword |       |       |       |    27 ||    27
